 Dungeon Crawl Stone Soup version 0.23.2-33-g5129a83184 (webtiles) character file.

Game seed: 13897986089991427088

329 ANON1729 the Skirmisher (level 6, 0/49 HPs)
             Began as a Demonspawn Monk on Aug 11, 2019.
             Splashed by a jelly's acid (9 damage)
             ... on level 4 of the Dungeon.
             The game lasted 00:12:32 (5391 turns).

ANON1729 the Skirmisher (Demonspawn Monk)           Turns: 5391, Time: 00:12:32

Health: 0/49       AC:  2    Str: 17    XL:     6   Next: 25%
Magic:  6/6        EV: 14    Int: 13    God:
Gold:   161        SH:  0    Dex: 15    Spells: 5/5 levels left

rFire    . . .     SeeInvis .   a - +0 spear
rCold    . . .     Gourm    .   (no shield)
rNeg     . . .     Faith    .   b - +0 robe
rPois    .         Spirit   .   (helmet restricted)
rElec    .         Reflect  .   (no cloak)
rCorr    .         Harm     .   (no gloves)
MR       .....                  (no boots)
Stlth    ++........             (no amulet)
HPRegen  0.16/turn              (no ring)
MPRegen  0.10/turn              (no ring)

@: mighty
A: antennae 2, powered by death 2, powered by pain 1
a: no special abilities


You were on level 4 of the Dungeon.
You were not hungry.

You visited 2 branches of the dungeon, and saw 5 of its levels.

You collected 161 gold pieces.

Inventory:

Hand Weapons
 a - a +0 spear (weapon)
 x - a +1 hand axe of electrocution
Armour
 b - a +0 robe (worn)
Wands
 y - a wand of random effects (23)
Scrolls
 d - 3 scrolls of remove curse
 i - a scroll of blinking {unknown}
 k - a scroll of noise {unknown}
 l - a scroll of magic mapping {unknown}
 o - a scroll of enchant armour {unknown}
 p - 3 scrolls of identify
 q - a scroll of random uselessness {unknown}
 r - a scroll of fear {unknown}
 s - a scroll of immolation {unknown}
 w - a scroll of teleportation {unknown}
Potions
 e - a potion of agility {unknown}
 f - a potion of brilliance
 g - a potion of ambrosia
 h - a potion of curing {unknown}
 j - 2 potions of degeneration
 m - a potion of berserk rage {unknown}
 t - 2 potions of mutation {unknown}
 u - a potion of haste {unknown}
 v - a potion of heal wounds {unknown}
Comestibles
 c - 8 rations
 z - a chunk of flesh


   Skills:
 + Level 4.3 Fighting
 + Level 3.9 Polearms
 + Level 3.9 Dodging
 + Level 3.6 Stealth


You had 5 spell levels left.
You didn't know any spells.
Your spell library contained the following spells:

 Spells                   Type           Power        Failure   Level  Hunger
 Confusing Touch          Hex            #.....       30%         1    ##.....
 Confuse                  Hex            #.......     67%         3    ####...
 Gell's Gravitas          Tloc           #.........   67%         3    ####...
 Petrify                  Tmut/Erth      #.......     97%         4    #####..
 Metabolic Englaciation   Hex/Ice        #.........   100%        5    ######.
 Yara's Violent Unravell  Hex/Tmut       #.........   100%        5    ######.


Dungeon Overview and Level Annotations

Branches:
Dungeon (4/15)             Temple (1/1) D:4

Altars:
Fedhas
Gozag
Hepliaklqana
Kikubaaqudgha
Makhleb
Nemelex Xobeh
Ru
Sif Muna
Trog
Uskayaw
Vehumet
Wu Jian
Xom
Yredelemnul
Zin

Annotations:
D:4 Natasha


Innate Abilities, Weirdness & Mutations

You have a pair of antennae on your head.
You regenerate health from kills.
You sometimes gain a little power by taking damage.


Message History

The phantom blinks!
You see here a ball python skeleton.
You are starting to lose your buoyancy.
You float gracefully downwards.
The jelly jiggles.
You see here a robe.
You feel a little less agile now.
Some of the chunks of flesh in your inventory have rotted away.
There is a stone staircase leading up here.
As you read the scroll labeled JYASAO GUING, it crumbles to dust.
It is a scroll of identify.
j - 2 potions of degeneration The jelly hits you.
You are splashed with acid!
* * * LOW HITPOINT WARNING * * *
You focus on the pain.
You feel very mighty all of a sudden. The jelly hits you.
* * * LOW HITPOINT WARNING * * *
You are splashed with acid!
You die...

##..............
##.......##.h..
###.......# ...##
#..........# ..#.
###............... .
#.............#...##
#....##......##.#..#
#..J#####.....#.#...
##.@# .........##..
#### .....#....... #
#...##......
##.#.#.....##..
#..%.#.....####
#........## ≈≈
..#......##≈≈
#..###....+≈≈ ##
#....#≈≈


You could see a jelly.

Vanquished Creatures
  A jelly (D:4)
  3 hounds (D:4)
  2 orc priests
  Jessica (D:3)
  3 adders
  An ooze (D:2)
  An adder skeleton (D:4)
  2 worms
  5 leopard geckos
  10 orcs
  5 bats
  2 giant cockroaches
  2 hobgoblins
  An iguana (D:4)
  5 jackals
  A kobold (D:3)
  2 quokkas
  2 ball pythons
  4 frilled lizards
  10 goblins
  A leopard gecko skeleton (D:4)
  8 rats
72 creatures vanquished.

Notes
Turn   | Place    | Note
-------+----------+-------------------------------------------
     0 | D:1      | ANON1729 the Demonspawn Monk began the quest for the Orb.
     0 | D:1      | Reached XP level 1. HP: 18/18 MP: 1/1
   466 | D:1      | Gained mutation: You regenerate a little health from kills.
                  | [demonic ancestry]
   466 | D:1      | Reached XP level 2. HP: 24/24 MP: 2/2
  1480 | D:2      | Gained mutation: You have a pair of small antennae on your
                  | head. [demonic ancestry]
  1480 | D:2      | Reached XP level 3. HP: 29/29 MP: 3/3
  1542 | D:2      | Found a burning altar of Makhleb.
  1818 | D:2      | Found a radiant altar of Vehumet.
  2012 | D:3      | Noticed Jessica
  2022 | D:3      | Killed Jessica
  2028 | D:3      | Gained mutation: You have a pair of antennae on your head.
                  | [demonic ancestry]
  2028 | D:3      | Reached XP level 4. HP: 30/35 MP: 4/4
  2595 | D:3      | Found a deep blue altar of Sif Muna.
  3068 | D:3      | Gained mutation: You sometimes gain a little power by
                  | taking damage. [demonic ancestry]
  3068 | D:3      | Reached XP level 5. HP: 25/42 MP: 5/5
  3416 | D:3      | Found a sparkling altar of Nemelex Xobeh.
  3553 | D:3      | Reached skill level 4 in Fighting
  3958 | D:4      | Found a staircase to the Ecumenical Temple.
  3979 | Temple   | Entered the Ecumenical Temple
  4773 | D:4      | Gained mutation: You regenerate health from kills. [demonic
                  | ancestry]
  4773 | D:4      | Reached XP level 6. HP: 39/48 MP: 6/6
  4813 | D:4      | Noticed Natasha
  5010 | D:4      | Found a shimmering altar of Xom.
  5012 | D:4      | Found a hazy altar of Hepliaklqana.
  5012 | D:4      | Noticed a hell beast
  5013 | D:4      | Noticed a spectral ugly thing
  5013 | D:4      | Noticed a hell beast
  5391 | D:4      | Splashed by a jelly's acid

Skill      XL: |  1  2  3  4  5 |
---------------+----------------+-----
Stealth        | 2 3 |  3.6
Polearms       | 3 |  3.9
Dodging        | 3 |  3.9
Fighting       | 4 |  4.3

Action                   |  1- 3 |  4- 6 || total
-------------------------+-------+-------++-------
Melee: Spear             |    92 |   311 ||   403
  Use: Potion            |       |     4 ||     4
       Scroll            |       |     2 ||     2
 Stab: Sleeping          |     7 |     7 ||    14
  Eat: Chunk             |     3 |    11 ||    14
Armor: Robe              |     9 |    61 ||    70
Dodge: Dodged            |    48 |   253 ||   301
